Map: Lightshade LE

Players

LiquidClem (Clem) - Winner!

  • Race: Terran Terran
  • League: Master
  • Spawn Location: 11:00

GunGFuBanDa

  • Race: Protoss Protoss
  • League: Grandmaster
  • Spawn Location: 5:00

VOD

Have the link to the VOD?

Description

Time

  • Played on: April 5, 2021, 4:26 p.m.
  • Length: 6:57
Show
View Real Time Build Order
Export as new Build Order

LiquidClem Terran - Winner!

Build Orders: Reaper Expand 

Get SALT Encoding   

  12  0:00  SCV  
  13  0:12  SCV  
  14  0:17  Supply Depot  
  14  0:24  SCV  
  15  0:38  SCV  
  15  0:39  Barracks  
  16  0:42  Refinery  
  16  0:50  SCV  
  17  1:02  SCV  
  18  1:14  SCV  
  19  1:26  Reaper  
  19  1:27  Orbital Command  
  20  1:42  Command Center  
  20  1:49  Supply Depot  
  20  1:53  SCV  
  21  1:58  Marine  
  22  2:05  SCV  
  23  2:08  Factory  
  23  2:15  Bunker  
  23  2:18  SCV  
  23  2:21  Barracks Reactor  
  24  2:26  Refinery  
  24  2:32  SCV  
  25  2:44  SCV  
  26  2:53  Hellion  
  28  2:58  Marine x2, Starport  
  28  3:00  SCV  
  31  3:11  Orbital Command  
  31  3:12  SCV  
  31  3:18  Marine x2  
  34  3:20  Widow Mine  
  34  3:24  SCV  
  35  3:34  Medivac  
  35  3:36  SCV  
  35  3:37  Supply Depot  
  35  3:38  SCV  
  41  3:41  Widow Mine  
  41  3:44  Marine x2  
  44  3:48  SCV  
  44  3:50  SCV  
  45  3:55  Barracks  
  45  4:00  SCV  
  45  4:02  SCV  
  47  4:06  Factory Tech Lab  
  47  4:08  Marine x2  
  47  4:11  Viking  
  47  4:12  SCV  
  47  4:15  SCV, Supply Depot  
  51  4:19  Engineering Bay  
  51  4:26  Marine x2  
  51  4:27  SCV  
  54  4:32  Supply Depot  
  54  4:36  SCV  
  54  4:37  Supply Depot  
  55  4:40  SCV  
  55  4:43  Factory Reactor  
  55  4:44  Marine x2, Starport Reactor  
  58  4:47  Terran Infantry Weapons Level 1  
  58  4:48  Refinery  
  58  4:51  Stimpack  
  58  4:53  SCV  
  58  4:55  SCV  
  58  4:57  Marine  
  61  5:01  Marine  
  61  5:05  SCV  
  61  5:06  Marine  
  64  5:07  SCV  
  64  5:11  Supply Depot  
  63  5:16  Marine  
  63  5:17  SCV  
  63  5:19  Marine, SCV  
  63  5:20  Supply Depot  
  63  5:21  Medivac  
  69  5:22  Medivac  
  69  5:24  Widow Mine, Marine  
  69  5:27  Widow Mine  
  76  5:29  SCV  
  76  5:32  SCV  
  76  5:33  Supply Depot  
  78  5:37  Marine  
  78  5:40  Marine  
  78  5:41  SCV  
  81  5:44  SCV  
  81  5:46  Marine  
  81  5:50  Barracks  
  81  5:53  SCV  
  81  5:55  Marine  
  81  5:56  SCV  
  82  5:57  Medivac x2  
  82  6:01  Refinery  
  82  6:02  Widow Mine x2  
  82  6:04  Supply Depot  
  90  6:06  Marauder  
  92  6:19  Command Center  
  92  6:21  Marine x2  
  90  6:25  SCV x2  
  90  6:27  Marauder  
  91  6:37  SCV  
  96  6:43  Barracks Tech Lab  
Show
View Real Time Build Order
Export as new Build Order

GunGFuBanDa Protoss 

Build Orders: 1 Gate Expand, Phoenix Opening 

Get SALT Encoding   

  12  0:00  Probe  
  13  0:12  Probe  
  14  0:18  Pylon  
  14  0:24  Probe (Chrono Boost)  
  15  0:37  Probe (Chrono Boost)  
  15  0:38  Gateway  
  16  0:45  Probe (Chrono Boost)  
  16  0:47  Assimilator  
  17  0:51  Probe  
  18  1:03  Probe  
  19  1:15  Probe  
  20  1:26  Cybernetics Core  
  20  1:33  Nexus  
  20  1:42  Pylon  
  20  1:43  Probe (Chrono Boost)  
  21  1:54  Probe (Chrono Boost)  
  21  1:58  Assimilator  
  21  1:59  Probe (Chrono Boost)  
  22  2:01  Adept (Chrono Boost)  
  24  2:11  Shield Battery  
  24  2:12  Probe  
  24  2:15  Warp Gate  
  25  2:24  Probe  
  25  2:25  Adept  
  27  2:40  Probe (Chrono Boost)  
  29  2:52  Probe (Chrono Boost)  
  29  2:54  Stargate  
  29  2:56  Probe (Chrono Boost)  
  30  3:00  Probe (Chrono Boost)  
  30  3:04  Probe (Chrono Boost)  
  32  3:06  Probe  
  33  3:15  Probe (Chrono Boost)  
  35  3:24  Probe (Chrono Boost)  
  35  3:25  Stalker  
  35  3:26  Probe (Chrono Boost)  
  36  3:31  Probe (Chrono Boost)  
  36  3:32  Probe (Chrono Boost)  
  38  3:37  Phoenix (Chrono Boost)  
  40  3:41  Probe  
  40  3:42  Probe  
  40  3:43  Pylon  
  42  3:51  Gateway  
  42  3:53  Probe  
  42  3:54  Probe  
  44  3:57  Phoenix (Chrono Boost)  
  46  4:05  Probe  
  46  4:07  Probe  
  48  4:13  Assimilator  
  48  4:17  Phoenix (Chrono Boost)  
  48  4:18  Probe  
  51  4:25  Pylon  
  51  4:27  Nexus  
  51  4:29  Probe  
  52  4:33  Twilight Council  
  52  4:38  Phoenix (Chrono Boost)  
  53  4:43  Probe, Pylon  
  55  4:47  Probe  
  56  4:53  Gateway  
  56  4:54  Gateway  
  56  4:55  Probe  
  56  4:59  Probe  
  58  5:00  Phoenix (Chrono Boost)  
  58  5:07  Charge (Chrono Boost), Probe  
  60  5:12  Probe  
  62  5:15  Forge  
  62  5:19  Probe  
  63  5:22  Phoenix (Chrono Boost)  
  63  5:23  Shield Battery  
  63  5:24  Zealot  
  63  5:28  Zealot  
  69  5:29  Probe  
  70  5:41  Probe x2  
  72  5:43  Probe  
  71  5:53  Probe x2  
  73  5:57  Probe  
  74  6:05  Probe  
  75  6:12  Sentry, Zealot x2  
  75  6:14  Zealot  
  83  6:19  Pylon  
  83  6:32  Zealot x2  
  83  6:37  Probe  
  83  6:38  Pylon  
  83  6:39  Zealot  
  88  6:40  Pylon  
Tags
 
Add a new tag
Caveats
  • Supply blocks, unpowered buildings, or Contaminate may cause inaccurate times.
  • Supply counts are checked every 10 seconds.